 Dungeon Crawl Stone Soup version 0.13.0-65-g2bb7898 (webtiles) character file.

216 Lilouch the Firebug (level 4, 0/30 HPs)
             Began as a Mummy Fire Elementalist on Nov 25, 2013.
             Killed from afar by Sigmund (5 damage)
             ... with a magic dart
             ... on Level 3 of the Dungeon.
             The game lasted 00:16:40 (3942 turns).

Lilouch the Firebug (Mummy Fire Elementalist)       Turns: 3942, Time: 00:16:40

HP   0/30        AC  3     Str 11      XL: 4   Next: 55%
MP   1/8         EV 12     Int 16      God:
Gold 110         SH  0     Dex 12      Spells:  3 memorised,  2 levels left

Res.Fire  : x . .   See Invis. : .   y - -2,-3 sling
Res.Cold  : + . .   Warding    : .   v - +0 elf robe
Life Prot.: + + +   Conserve   : .   (no shield)
Res.Poison: +       Res.Corr.  : .   (no helmet)
Res.Elec. : .       Clarity    : .   (no cloak)
Sust.Abil.: . .     Spirit.Shd : .   (no gloves)
Res.Mut.  : .       Stasis     : .   a - +0 pair of boots
Res.Rott. : +       Flight     : .   (no amulet)
Saprovore : . . .                    (no ring)
                                     w - +1 ring of intelligence

@: very slightly contaminated, slightly resistant to hostile enchantments,
unstealthy
A: no food or potions, fire vulnerability, restore body, cold resistance 1, life
protection 3, poison resistance, torment resistance, unbreathing
a: no special abilities


You were on level 3 of the Dungeon.
You were not hungry.

You visited 1 branch of the dungeon, and saw 3 of its levels.

You collected 90 gold pieces.

Inventory:

Hand weapons
 h - a +0,+0 dagger
 k - a -1,+0 orcish club
 l - a +0,+0 club
 n - a +0,+0 dagger
 o - a +2,+3 dwarven dagger
 p - a +0,+0 dagger
 r - a +3,+8 club
 t - a +0,+0 club
 u - a +1,+1 orcish dagger
 x - a +0,+0 club
 y - a -2,-3 sling (weapon)
 A - a +2,+2 dagger
 B - a +0,+1 orcish club
Missiles
 e - a dart of flame
 g - 4 poisoned needles
 z - 19 stones (quivered)
Armour
 a - a +0 pair of boots (worn)
 v - a +0 elven robe (worn)
Scrolls
 c - 2 scrolls of noise {unknown}
 d - a scroll of recharging {unknown}
 f - a scroll of blinking {unknown}
 j - a scroll of magic mapping
 m - 3 scrolls of remove curse {unknown}
 q - a scroll of enchant armour {unknown}
 s - a scroll of curse armour {unknown}
 C - a scroll of enchant weapon II {unknown}
Jewellery
 w - a +1 ring of intelligence (left hand)
Books
 b - a book of Flames

   Spells                             Type                      Level
   *Flame Tongue                      Conjuration/Fire             1
   *Throw Flame                       Conjuration/Fire             2
   *Conjure Flame                     Conjuration/Fire             3
   Inner Flame                        Hexes/Fire                   3
   Sticky Flame                       Conjuration/Fire             4
   Fireball                           Conjuration/Fire             5


   Skills:
 - Level 1.5 Dodging
 - Level 1.5 Stealth
 + Level 2.5 Spellcasting
 + Level 1.6 Conjurations
 * Level 3.4 Fire Magic


You had 2 spell levels left.
You knew the following spells:

 Your Spells              Type           Power        Failure   Level  Hunger
a - Flame Tongue          Conj/Fire      ##...        10%         1    N/A
b - Throw Flame           Conj/Fire      ##....       12%         2    N/A
c - Conjure Flame         Conj/Fire      ##......     21%         3    N/A

Dungeon Overview and Level Annotations

Branches:
Dungeon (3/27)

Altars:
Cheibriados

Annotations:
D:3 Sigmund


Innate Abilities, Weirdness & Mutations

You do not eat or drink.
Your flesh is vulnerable to fire.
Your flesh is cold resistant.
You are immune to negative energy.
Your system is resistant to poisons.
You are immune to unholy pain and torment.
You can survive without breathing.


Message History

Casting: Flame Tongue
Confirm with . or Enter, or press ? or * to list all spells.
Aiming: Flame Tongue
Press: ? - help, Shift-Dir - straight line, f/p - Sigmund
Aim: Sigmund, wielding a scythe and wearing a robe (moderately wounded)
The flame hits Sigmund.
Sigmund is heavily wounded.
Sigmund drinks a potion.
Sigmund is healed!
Firing (i - inventory. (,) - cycle):
z - 20 stones (quivered)
Press: ? - help, Shift-Dir - straight line, f/p - Sigmund
Aim: Sigmund, wielding a scythe and wearing a robe (moderately wounded)
You shoot a stone. The stone hits Sigmund.
Sigmund is moderately wounded.
Sigmund hits you from afar with a scythe!
Sigmund gestures at you while chanting. The puff of flame hits you!
The fire burns you terribly!
* * * LOW HITPOINT WARNING * * *
Sigmund casts a spell at you. The magic dart hits you!
You die...

###############################
#............................#.
#.##########################.#.
#.# #.@...@.....#......#.#. #.#
#.#########.#.####.#.#. #.# #.#
#.#.##.....#) #.# #(#
******#.#.##.#.###. #.# #.#
*,,,,,#.#.##.#.# #. #.# #.#
*,***,#.#.##.#.###. ###.# #.#
*,*,,,#.#....#...#. #.#.### #.#
*,#####.#%.......#. #.....#
#(#**,#..............#^


You could see Sigmund.

Vanquished Creatures
  Jessica (D:2)
  An adder (D:2)
  3 worms
  2 giant geckos
  An ooze (D:2)
  An orc (D:3)
  3 giant cockroaches
  6 hobgoblins
  A ball python (D:2)
  15 bats
  2 giant newts
  9 goblins
  10 kobolds
  6 rats
61 creatures vanquished.

Notes
Turn   | Place    | Note
--------------------------------------------------------------
     0 | D:1      | Lilouch, the Mummy Fire Elementalist, began the quest for the Orb.
     0 | D:1      | Reached XP level 1. HP: 13/13 MP: 3/3
     3 | D:1      | Noticed a giant goldfish
     3 | D:1      | Noticed a shark
   136 | D:1      | Reached skill level 1 in Conjurations
   555 | D:1      | Reached XP level 2. HP: 17/19 MP: 2/4
  1342 | D:1      | Reached XP level 3. HP: 24/24 MP: 3/6
  1419 | D:2      | Noticed Jessica
  1423 | D:2      | Killed Jessica
  1425 | D:2      | Reached skill level 3 in Fire Magic
  2268 | D:2      | Reached XP level 4. HP: 30/30 MP: 6/8
  2395 | D:2      | Found a snail-covered altar of Cheibriados.
  2565 | D:3      | Noticed Sigmund
  2840 | D:2      | Learned a level 2 spell: Throw Flame
  2844 | D:2      | Learned a level 3 spell: Conjure Flame
  3942 | D:3      | Killed from afar by Sigmund

Action                   |  1- 3 |  4- 6 || total
-------------------------+-------+-------++-------
Melee: Unarmed           |     9 |       ||     9
       Club              |    23 |       ||    23
 Fire: Sling             |       |    29 ||    29
Throw: Club              |    19 |     5 ||    24
       Dagger            |    14 |     5 ||    19
       Dart              |     6 |     3 ||     9
 Cast: Flame Tongue      |    68 |    51 ||   119
       Conjure Flame     |       |     1 ||     1
  Use: Scroll            |       |     2 ||     2
